 Dungeon Crawl Stone Soup version 0.31.0-12-g77e489cdc1 (webtiles) character file.

Game seed: 5643156290595687267

13301 sking99 the Slicer (level 12, 0/69 (73) HPs)
             Began as a Kobold Enchanter on Feb 21, 2024.
             Was a High Priest of Jiyva.
             Slain by Sonja
             ... wielding a +2 dagger of draining
              (4 damage)
             ... on level 2 of the Lair of Beasts.
             The game lasted 00:21:34 (10031 turns).

sking99 the Slicer (Kobold Enchanter)              Turns: 10031, Time: 00:21:35

HP:   0/69 (73)     AC: 11    Str:  8    XL:     12   Next: 31%
MP:   21/23         EV: 15    Int: 22    God:    Jiyva [*****.]
Gold: 144           SH:  0    Dex: 20    Spells: 14/25 levels left

rFire   + . .        a - +2 dagger
rCold   . . .        (no shield)
rNeg    . . .        b - +0 robe
rPois   .            o - +0 helmet
rElec   .            h - +1 cloak
rCorr   +            (no gloves)
SInv    .            (boots unavailable)
Will    +++..        (no amulet)
Stlth   ++++++       e - +6 ring of dexterity
HPRegen 1.75/turn    i - ring of willpower
MPRegen 0.90/turn

%: no passive effects
@: lethally poisoned (0 -> -13), calling ooze, slowed, drained, very slow
A: small, no large weapons, nightstalker 3, fangs 1, talons 3, iridescent scales
3, clever 1, fire resistance 1, strong-willed 2, acidic bite, MP-powered wands,
engulf
a: Renounce Religion, Oozemancy, Slimify


You were on level 2 of the Lair of Beasts.
You worshipped Jiyva.
Jiyva was extremely pleased with you.
You visited 2 branches of the dungeon, and saw 13 of its levels.

You collected 261 gold pieces.
You spent 117 gold pieces at shops.

Inventory:

Hand Weapons
 a - a +2 dagger (weapon)
 d - a +2 long sword of flaming
Armour
 b - a +0 robe (worn)
 h - a +1 cloak (worn)
 l - a +0 pair of boots
 o - a +0 helmet (worn)
Jewellery
 e - a +6 ring of dexterity (left hand)
 i - a ring of willpower (right hand)
 q - a ring of wizardry
 u - a +6 ring of intelligence
Talismans
 m - a maw talisman
Wands
 n - a wand of paralysis (6)
 r - a wand of flame (17)
 x - a wand of roots (11)
 z - a wand of polymorph (8)
Scrolls
 f - 3 scrolls of teleportation
 p - a scroll of blinking
 t - 2 scrolls of identify
 v - a scroll of torment {unknown}
 w - 2 scrolls of noise
 y - a scroll of fog {unknown}
 A - a scroll of amnesia
 B - a scroll of revelation {unknown}
 C - a scroll of enchant armour {unknown}
Potions
 c - 2 potions of invisibility
 g - a potion of might
 j - 6 potions of curing
 k - 2 potions of heal wounds
 s - a potion of cancellation


   Skills:
 + Level 7.8 Fighting
 - Level 12.0 Short Blades
 - Level 2.6 Dodging
 * Level 11.7 Stealth
 + Level 7.3 Spellcasting
 + Level 10.2 Hexes
 - Level 5.0 Ice Magic


You had 14 spell levels left.
You knew the following spells:

 Your Spells              Type           Power      Damage    Failure   Level
a - Ensorcelled Hibernat  Hex/Ice        82%        N/A       1%          2
b - Confusing Touch       Hex            52%        N/A       1%          3
c - Tukima's Dance        Hex            52%        N/A       1%          3
d - Dazzling Flash        Conj/Hex       60%        N/A       3%          3

Your spell library contained the following spells:

 Spells                   Type           Power      Damage    Failure   Level
 Sigil of Binding         Hex            52%        N/A       1%          3
 Sandblast                Erth           16%        2d6       8%          1
 Dimensional Bullseye     Hex/Tloc       15%        N/A       10%         4
 Call Canine Familiar     Summ           8%         N/A       24%         3
 Passwall                 Erth           8%         N/A       24%         3
 Stone Arrow              Conj/Erth      16%        3d8       24%         3
 Animate Dead             Necr           8%         N/A       61%         4
 Brom's Barrelling Bould  Conj/Erth      8%         2d3       61%         4
 Borgnjor's Vile Clutch   Necr/Erth      4%         N/A       91%         5
 Death Channel            Necr           4%         N/A       100%        6


Dungeon Overview and Level Annotations

Branches:
Dungeon (11/15)            Temple (0/1) D:6            Lair (1/5) D:11
    Orc (0/2) D:9

Altars:
Dithmenos
Elyvilon
Hepliaklqana
Qazlal
Sif Muna
Trog
Uskayaw
Wu Jian
Yredelemnul
Jiyva
Lugonu

Shops:
D:2 (   D:3 *   D:5 =   D:6 *

Annotations:
D:5 3 runed translucent doors
D:7 3 transporters, exclusion: ice statue, diceflayer's ghost, novice DsFi
D:11 3 runed translucent doors, tilp's ghost, journeyman MiBe
Lair:2 Sonja


Innate Abilities, Weirdness & Mutations

You are small and have problems with some larger weapons.
You are completely attuned to the shadows.
You have very sharp teeth.
You have claws for feet.
You are completely covered in iridescent scales. (AC +6)
Your mind is acute. (Int +4, Str/Dex -1)
Your flesh is heat resistant. (rF+)
You are highly strong-willed. (Will++)
You have acidic saliva.
You expend magic power (3 MP) to strengthen your wands.
Your melee attacks may engulf your foes in ooze.


Message History

The water moccasin closely misses you.
Sonja throws a curare-tipped dart.
The curare-tipped dart hits you.
You are poisoned.
You have difficulty breathing.
You feel yourself slow down.
You feel very sick.
The water moccasin attacks as it pursues you!
The water moccasin bites you.
The cane toad stings you but does no damage.
Sonja throws a curare-tipped dart.
The curare-tipped dart hits you.
You are more poisoned.
You have difficulty breathing.
You feel as though you will be slow longer.
The water moccasin closely misses you. The cane toad misses you.
Sonja throws a curare-tipped dart.
The curare-tipped dart hits you.
You are more poisoned.
You have difficulty breathing.
You feel as though you will be slow longer.
You feel extremely sick.
The water moccasin attacks as it pursues you!
The water moccasin misses you. The water moccasin bites you.
The cane toad stings you.
You are more poisoned.
The cane toad poisons you!
Activating: Oozemancy (0% risk of failure)
Press: ? - help, Dir - look around, f - activate Slime begins to ooze from the nearby walls!
You feel extremely sick.
The walls burn the water moccasin!
The water moccasin barely misses you.
The wall burns Sonja!
Sonja hits you with a +2 dagger of draining.
You feel drained. Sonja hits you but does no damage.
You feel drained. Sonja hits you but does no damage.
You feel drained.
The wall burns the cane toad!
The cane toad stings you!!
* * * LOW HITPOINT WARNING * * *
You shudder from the blow and a jelly pops out!
The walls burn the water moccasin!
The water moccasin misses you.
The wall burns Sonja!
Sonja hits you with a +2 dagger of draining.
You die...
Sonja applauds herself.

... ... ♣♣....##.#
..#
......J#.#####...##
#....K#.....##...#
#.?..S@......#..#
#....F#.........#
#.....###.####..#
#.....###.##....#
#...............#
#...............P#
...............##
................#
................#


You could see a cane toad (ally target), Sonja, a water moccasin and a friendly
acid blob (summoned).

Vanquished Creatures
  2 death yaks (D:11)
  Pikel (D:4)
  3 cane toads (Lair:1)
  An unseen horror (D:11)
  3 komodo dragons
  Psyche (D:8)
  2 trolls
  A shadow (D:11)
  2 wraiths
  24 yaks
  3 steam dragons
  2 vampire mosquitoes (D:11)
  4 water moccasins
  3 orc warriors (D:9)
  A black bear (D:7)
  3 centaurs
  A phantom (D:5)
  2 kobold brigands
  5 bullfrogs
  2 gnoll sergeants
  2 scorpions
  4 killer bees (D:9)
  An electric eel (D:9)
  2 howler monkeys
  4 orc priests
  A bombardier beetle (D:5)
  Crazy Yiuf (D:3)
  Jessica (D:3)
  2 iguanas
  Ijyb (D:3)
  4 orc wizards
  A hell rat (D:11)
  8 gnolls
  5 adders
  2 river rats (D:11)
  A white imp (D:8)
  A dart slug (D:2)
  3 ribbon worms
  18 orcs
  6 ball pythons
  4 giant cockroaches
  5 hobgoblins
  4 quokkas
  4 bats
  2 frilled lizards
  4 goblins
  10 kobolds
  5 rats
172 creatures vanquished.

Vanquished Creatures (collateral kills)
  A death yak (D:11)
  A cyclops (D:11)
  A yaktaur (D:10)
  A hornet (D:10)
  3 yaks
  A steam dragon (D:8)
  An ice beast (D:7)
  A kobold brigand (D:7)
  A bombardier beetle (D:7)
  2 kobolds (D:7)
13 creatures vanquished.

Vanquished Creatures (others)
  A two-headed ogre (D:8)
  An oklob plant (D:8)
  A troll (D:9)
  A shadow (D:9)
  A yak (D:10)
  A steam dragon (D:8)
  2 orc warriors (D:9)
  A bullfrog (D:7)
  A howler monkey (D:4)
  16 jellies
  An orc priest (D:9)
  3 hounds
  3 iguanas
  2 orc wizards
  2 adders
  14 orcs
  A bat (D:8)
  10 endoplasms
  2 hobgoblins
  2 quokkas
  A goblin (D:2)
  17 rats (D:3)
84 creatures vanquished.

Grand Total: 269 creatures vanquished

Notes
Turn   | Place    | Note
-------+----------+-------------------------------------------
     0 | D:1      | sking99 the Kobold Enchanter began the quest for the Orb.
     0 | D:1      | Reached XP level 1. HP: 10/10 MP: 3/3
   126 | D:1      | Reached XP level 2. HP: 15/15 MP: 5/5
   131 | D:1      | Found a faded altar of an unknown god.
   136 | D:1      | Prayed at the altar of an unknown god.
   136 | D:1      | Became a worshipper of Jiyva Jualaima the Shapeless
   136 | D:1      | Reached * piety under Jiyva
   196 | D:1      | Learned a level 2 spell: Ensorcelled Hibernation
   266 | D:1      | Reached skill level 2 in Short Blades
   546 | D:2      | Reached XP level 3. HP: 19/19 MP: 1/6
   634 | D:2      | Reached ** piety under Jiyva
   668 | D:2      | Reached XP level 4. HP: 24/24 MP: 7/7
   823 | D:2      | Found Wimeosk's Antique Weapon Emporium.
   871 | D:2      | Found a basalt altar of Yredelemnul.
  1183 | D:3      | Found a hazy altar of Hepliaklqana.
  1265 | D:3      | Noticed Ijyb
  1268 | D:3      | Killed Ijyb
  1269 | D:3      | Reached skill level 3 in Short Blades
  1273 | D:3      | Learned a level 3 spell: Confusing Touch
  1277 | D:3      | Learned a level 3 spell: Tukima's Dance
  1350 | D:3      | Reached *** piety under Jiyva
  1389 | D:3      | Gained mutation: You are strong-willed. (Will+) [Jiyva's
                  | grace]
  1389 | D:3      | Gained mutation: You are highly strong-willed. (Will++)
                  | [Jiyva's grace]
  1389 | D:3      | Gained mutation: You are extremely strong-willed. (Will+++)
                  | [Jiyva's grace]
  1389 | D:3      | Gained mutation: Your flesh is heat resistant. (rF+)
                  | [Jiyva's grace]
  1421 | D:3      | Noticed Jessica
  1425 | D:3      | Killed Jessica
  1426 | D:3      | Reached skill level 1 in Fighting
  1426 | D:3      | Reached skill level 1 in Ice Magic
  1426 | D:3      | Reached XP level 5. HP: 29/29 MP: 7/9
  1455 | D:3      | Found Apaseps's Assorted Antiques.
  1832 | D:3      | Found a runed translucent door.
  1835 | D:3      | Noticed Crazy Yiuf
  1841 | D:3      | Killed Crazy Yiuf
  2289 | D:4      | Reached XP level 6. HP: 34/34 MP: 8/10
  2305 | D:4      | Noticed Pikel
  2309 | D:4      | Killed Pikel
  2310 | D:4      | Reached skill level 4 in Short Blades
  2310 | D:4      | Reached skill level 5 in Stealth
  2310 | D:4      | Reached XP level 7. HP: 20/40 MP: 8/11
  2400 | D:4      | Reached **** piety under Jiyva
  2650 | D:4      | Found a stormy altar of Qazlal.
  3145 | D:5      | Entered Level 5 of the Dungeon
  3145 | D:5      | Reached ***** piety under Jiyva
  3168 | D:5      | Found Bigruosm's Jewellery Boutique.
  3341 | D:5      | Reached skill level 5 in Short Blades
  3374 | D:5      | Gained mutation: You have supernaturally acute eyesight.
                  | (SInv) [Jiyva's grace]
  3374 | D:5      | Gained mutation: Your melee attacks may engulf your foes in
                  | ooze. [Jiyva's grace]
  3374 | D:5      | Gained mutation: You have acidic saliva. [Jiyva's grace]
  3374 | D:5      | Gained mutation: Your mind is acute. (Int +4, Str/Dex -1)
                  | [Jiyva's grace]
  3392 | D:5      | Found a shadowy altar of Dithmenos.
  3476 | D:5      | Reached skill level 5 in Hexes
  3605 | D:5      | Found a runed translucent gate.
  3606 | D:5      | Found a runed translucent gate.
  3607 | D:5      | Found a runed translucent gate.
  3667 | D:5      | Reached XP level 8. HP: 44/45 MP: 13/13
  4051 | D:6      | Found Gicunuic's Assorted Antiques.
  4065 | D:6      | Bought a pair of boots for 117 gold pieces
  4101 | D:6      | Found a staircase to the Ecumenical Temple.
  4111 | D:6      | Noticed a troll
  4115 | D:6      | Killed a troll
  4116 | D:6      | Reached skill level 6 in Short Blades
  4488 | D:6      | Reached ****** piety under Jiyva
  4963 | D:7      | Found a transporter.
  4991 | D:7      | Reached XP level 9. HP: 52/52 MP: 13/15
  4994 | D:7      | Noticed an ice statue
  4999 | D:7      | Found a transporter.
  5144 | D:7      | Reached skill level 7 in Short Blades
  5168 | D:7      | Reached skill level 8 in Short Blades
  5276 | D:7      | Found a transporter.
  5280 | D:7      | Found a corrupted altar of Lugonu.
  5365 | D:7      | Lost mutation: You are extremely strong-willed. (Will+++)
                  | [Jiyva's grace]
  5365 | D:7      | Gained mutation: You have sharp toenails. [Jiyva's grace]
  5365 | D:7      | Gained mutation: You have razor-sharp toenails. [Jiyva's
                  | grace]
  5365 | D:7      | Gained mutation: You have claws for feet. [Jiyva's grace]
  5365 | D:7      | Gained mutation: You have hidden genetic potential.
                  | [Jiyva's grace]
  5457 | D:7      | Noticed diceflayer's ghost (novice DsFi)
  5487 | D:7      | Found a hide-covered altar of Uskayaw.
  5625 | D:7      | Found a white marble altar of Elyvilon.
  5656 | D:7      | Noticed a red ugly thing
  5659 | D:7      | Noticed a white ugly thing
  5736 | D:8      | Reached XP level 10. HP: 58/58 MP: 17/17
  5750 | D:8      | Killed an oklob plant
  5759 | D:8      | Identified the +7 war axe "Zon Idgh" {freeze, Stlth+}
  5767 | D:8      | Learned a level 3 spell: Dazzling Flash
  5790 | D:8      | Noticed Psyche
  5792 | D:8      | Killed Psyche
  5793 | D:8      | Reached skill level 5 in Fighting
  5793 | D:8      | Reached skill level 5 in Spellcasting
  5797 | D:8      | Killed a two-headed ogre
  5865 | D:8      | Reached skill level 9 in Short Blades
  6025 | D:8      | Found a bloodstained altar of Trog.
  6096 | D:8      | Noticed Maurice
  6101 | D:8      | Maurice stole 195 gold
  6103 | D:8      | Slimified Maurice
  6103 | D:8      | Maurice changed into Maurice the slime creature
  6103 | D:8      | Noticed Maurice
  6186 | D:8      | Reached skill level 10 in Short Blades
  6630 | D:9      | Reached skill level 5 in Ice Magic
  6857 | D:9      | Reached XP level 11. HP: 56/64 MP: 15/19
  6955 | D:9      | Found a shimmering blue altar of Sif Muna.
  7229 | D:9      | Noticed a two-headed ogre
  7239 | D:9      | Slimified a two-headed ogre
  7239 | D:9      | a two-headed ogre changed into an acid blob
  7239 | D:9      | Noticed an acid blob
  7287 | D:9      | Found an ornate altar of the Wu Jian Council.
  7427 | D:9      | Found a staircase to the Orcish Mines.
  7480 | D:10     | Entered Level 10 of the Dungeon
  7722 | D:10     | Reached skill level 11 in Short Blades
  7723 | D:10     | Gained mutation: You have very sharp teeth. [hidden
                  | potential]
  7972 | D:10     | Noticed a two-headed ogre
  7978 | D:10     | Slimified a two-headed ogre
  7978 | D:10     | a two-headed ogre changed into a slime creature
  8284 | D:10     | Lost mutation: You have supernaturally acute eyesight.
                  | (SInv) [Jiyva's grace]
  8284 | D:10     | Lost mutation: Your mind is acute. (Int +4, Str/Dex -1)
                  | [Jiyva's grace]
  8284 | D:10     | Gained mutation: You expend magic power (3 MP) to
                  | strengthen your wands. [Jiyva's grace]
  8284 | D:10     | Gained mutation: You are partially covered in iridescent
                  | scales. (AC +2) [Jiyva's grace]
  8284 | D:10     | Gained mutation: You are mostly covered in iridescent
                  | scales. (AC +4) [Jiyva's grace]
  8284 | D:10     | Gained mutation: You are completely covered in iridescent
                  | scales. (AC +6) [Jiyva's grace]
  8537 | D:11     | Found a bloodstained altar of Trog.
  8557 | D:11     | Identified the +3 dagger "Geqim" {flame, rC- Int+3 Dex+4}
  8568 | D:11     | Noticed a death yak
  8568 | D:11     | Noticed a death yak
  8570 | D:11     | Found a staircase to the Lair.
  8570 | D:11     | Noticed a cyclops
  8571 | D:11     | Noticed a death yak
  8586 | D:11     | Killed a death yak
  8587 | D:11     | Reached skill level 10 in Stealth
  8587 | D:11     | Killed a death yak
  8589 | D:11     | Killed a cyclops
  8627 | Lair:1   | Entered Level 1 of the Lair of Beasts
  8677 | D:11     | Killed a death yak
  8722 | D:11     | Reached skill level 12 in Short Blades
  8982 | D:11     | Reached XP level 12. HP: 66/72 MP: 22/22
  9157 | D:11     | Found a runed translucent gate.
  9158 | D:11     | Found a runed translucent gate.
  9158 | D:11     | Noticed tilp's ghost (journeyman MiBe)
  9159 | D:11     | Found a runed translucent gate.
  9511 | D:11     | Identified the +5 ring mail of Lenwi {rPois Int+4}
  9692 | Lair:1   | Reached skill level 10 in Hexes
  9890 | Lair:1   | Gained mutation: Your mind is acute. (Int +4, Str/Dex -1)
                  | [hidden potential]
  9890 | Lair:1   | Lost mutation: You have hidden genetic potential. [hidden
                  | potential expressed]
  9950 | Lair:1   | You fall into a shaft and drop 1 floor!
 10026 | Lair:2   | Noticed Sonja
 10031 | Lair:2   | Slain by Sonja

Illustrated notes

Levels and vault maps discovered:
D:1:      tarquinn_simple_flora_water_f, layout_rooms,
          chequers_ecumenical_altar_simple
D:2:      layout_basic, serial_shops, shop, basic_altar
D:3:      layout_basic, lemuel_coloured_pillars_altar, serial_shops, shop,
          minmay_rat_hole, uniq_jessica, uniq_ijyb, uniq_crazy_yiuf_cottage
D:4:      layout_gridville, grunt_qazlal_sundering, grunt_decor_resistance,
          kennysheep_generic_room_10, uniq_pikel
D:5:      layout_loops_ring, nicolae_dithmenos_shadow_blocks,
          gammafunk_ghost_necromancy, serial_shops, nicolae_shop_statue_plus
D:6:      layout_gridville, minmay_temple_entry_overgrown, serial_shops,
          shop_coins
D:7:      gammafunk_corrupted_shrine, layout_basic, kennysheep_mini,
          marbit_many_paths, nzn_ghost_randoct, minmay_checkerbox
D:8:      lemuel_slime, layout_loops_ring, mainiacjoe_overflow_tiny_flanked,
          uniq_psyche, uniq_maurice
D:9:      layout_roguey, lemuel_round_altar, mainiacjoe_overflow_alcove_1,
          erik_orc_2
D:10:     layout_loops_corners, grunt_tough_drop
D:11:     layout_loops_corners, dpeg_lair_monsters,
          gammafunk_ghost_nasty_kobolds, minmay_misc_feat_four_crosses,
          chequers_serial_rivers_small_a, nicolae_kite_square_tiling_tiny,
          bloody_trog
Lair:1:   layout_roguey, nicolae_quartered_pool_impasse, serial_bayou_pond_e,
          grunt_megastairs_2, lemuel_fruit_tree
Lair:2:   layout_regular_city, guppyfry_snake_entry_island,
          grunt_forest_large_clearings, uniq_sonja

Skill      XL: |  1  2  3  4  5  6  7  8  9 10 11 12 |
---------------+-------------------------------------+-----
Short Blades   | 2 3 4 5 6 8 10 12 | 12.0
Fighting       | 1 2 3 4 6 7 |  7.8
Ice Magic      | 1 2 3 4 5 |  5.0
Hexes          | 4 5 6 7 8 9 10 | 10.2
Stealth        | 5 6 7 9 10 11 | 11.7
Spellcasting   | 3 4 5 6 7 |  7.3
Dodging        | |  2.6

Action                     |  1- 3 |  4- 6 |  7- 9 | 10-12 || total
---------------------------+-------+-------+-------+-------++-------
  Melee: Dagger            |    33 |    20 |    65 |   186 ||   304
         Bite              |       |       |     4 |    22 ||    26
         Kick              |       |       |     1 |    51 ||    52
         Punch             |       |       |       |     1 ||     1
   Cast: Ensorcelled Hiber |    14 |    14 |    47 |    77 ||   152
         Confusing Touch   |       |       |     2 |     7 ||     9
 Invoke: Oozemancy         |       |       |       |     5 ||     5
         Slimify           |       |       |       |     3 ||     3
    Use: Scroll            |       |     7 |     4 |     1 ||    12
   Stab: Sleeping          |    20 |    17 |    34 |    59 ||   130
         Confused          |       |       |     2 |     2 ||     4
         Distracted        |       |       |       |     2 ||     2
 Armour: Robe              |     2 |     9 |    36 |   141 ||   188
  Dodge: Dodged            |    28 |    12 |    52 |   120 ||   212
